Cogmind - Beta 13 @@@ ROGUE MODE // 2024.07.15 @ 18:43:34 Player: jimmyl Result: Destroyed by G-47 Trooper with Particle Gun Performance ------------- Evolutions (2) 1000 Regions Visited (7) 1400 Robots Destroyed (37) 185 Value Destroyed (1212) 1212 Prototype IDs (25) 500 Alien Tech Used (0) 0 Bonus (69) 69 TOTAL SCORE: 4366 Bonus ------- Follower Combat Kills 116 Friendly Fire -47 Cogmind --------- Core Integrity 0/550 Matter 213/300 Energy 29/150 System Corruption 0% Temperature Cool (9) Movement Hovering (400) Ox4 Location -8/Materials Parts ------- > --- POWER (1) -------- Light Angular Momentum Engine > --- PROPULSION (3) --- Backup Propulsion I > --- UTILITY (4) ------ Medium Storage Unit Targeting Computer Targeting Computer > --- WEAPON (3) ------- Shock Bomb Launcher > --- INVENTORY (10) --- Advanced Heat Sink Targeting Computer Medium Armor Plating Medium Armor Plating Hacking Suite PSU Rigger Datajack Peak State ------------ > --- POWER ------------ Ion Engine > --- PROPULSION ------- Carbon-fiber Leg Wheel > --- UTILITY ---------- Medium Storage Unit Targeting Computer Targeting Computer Hacking Suite > --- WEAPON ----------- Heavy Assault Rifle Assault Cannon Makeshift Sword > --- INVENTORY -------- Light Angular Momentum Engine Advanced Heat Sink Targeting Computer Medium Armor Plating Medium Armor Plating Hacking Suite PSU Rigger Gauss Rifle Shock Bomb Launcher Datajack [Rating: 23] Favorites ----------- Power Ion Engine Engine Ion Engine Propulsion Aluminum Leg Leg Aluminum Leg Wheel Wheel Hover Unit Backup Propulsion I Utility Targeting Computer Storage Medium Storage Unit Processor Targeting Computer Hackware Hacking Suite Weapon EM Shotgun Energy Gun EM Shotgun Ballistic Gun Assault Rifle Ballistic Cannon Assault Cannon Launcher Grenade Launcher Slashing Weapon Makeshift Sword Build | -11 -10 -10 -9 -9 -9 -8 -8 ------- Run | Yrd Mat Min Mat Min Exi Min Mat Slots Evolved 4 | . . . 2 . . . 2 Power . | . . . . . . . . Propulsion 1 | . . . . . . . 1 Utility 2 | . . . 2 . . . . Weapon 1 | . . . . . . . 1 Parts Attached 29 | . 6 2 7 . 3 . 11 Power 3 | . 1 . . . . . 2 Engine 3 | . 1 . . . . . 2 Core . | . . . . . . . . Reactor . | . . . . . . . . Propulsion 9 | . 3 . 1 . 1 . 4 Treads . | . . . . . . . . Leg 6 | . 3 . 1 . 1 . 1 Wheel 1 | . . . . . . . 1 Hover 2 | . . . . . . . 2 Flight . | . . . . . . . . Utility 4 | . 1 . 3 . . . . Device . | . . . . . . . . Storage 1 | . . . 1 . . . . Processor 2 | . 1 . 1 . . . . Hackware 1 | . . . 1 . . . . Protection . | . . . . . . . . Artifact . | . . . . . . . . Weapon 13 | . 1 2 3 . 2 . 5 Energy Gun 4 | . . . 2 . 1 . 1 Energy Cannon . | . . . . . . . . Ballistic Gun 2 | . . . . . . . 2 Ballistic Cannon 3 | . 1 1 . . . . 1 Launcher 3 | . . 1 1 . . . 1 Special Weapon . | . . . . . . . . Impact Weapon . | . . . . . . . . Slashing Weapon 1 | . . . . . 1 . . Piercing Weapon . | . . . . . . . . Special Melee Weapon . | . . . . . . . . Unidentified Prototypes . | . . . . . . . . Corrupted Parts 1 | . . . 1 . . . . System Corruption 2 | . . . 2 . . . . Parts Lost 16 | . . . 2 . . . 14 Power 2 | . . . . . . . 2 Propulsion 5 | . . . . . . . 5 Utility 1 | . . . . . . . 1 Weapon 8 | . . . 2 . . . 6 Highest Loss Streak 5 | . . . 1 . . . 5 To Critical Strikes . | . . . . . . . . Average Slot Usage (%) 93 | . 93 99 95 100 94 100 76 Engine 11 | . 14 14 11 11 11 11 6 Leg 22 | . 28 28 22 22 22 22 7 Storage 11 | . 14 14 11 11 11 11 9 Processor 18 | . 13 14 20 22 22 22 18 Hackware 6 | . . . 10 11 11 11 8 Energy Gun 8 | . 8 . 9 22 8 11 3 Ballistic Gun 2 | . 8 . . . . . 3 Ballistic Cannon 5 | . 5 13 5 . . . 5 Launcher 3 | . . 14 4 . . . . Slashing Weapon 2 | . . . . . 8 11 6 Naked Turns . | . . . . . . . . Heaviest Build 25 | 14 14 18 24 20 20 20 25 Greatest Support 20 | 20 20 20 20 10 20 20 20 Greatest Overweight (x) 7 | . . . 1 1 . . 7 Average Overweight (x) . | . . . . 1 . . 1 Largest Inventory Capacity 10 | 8 8 8 10 10 10 10 10 Average Capacity 9 | 8 8 8 9 10 10 10 10 Most Carried 10 | 6 8 8 10 9 10 9 10 Average Carried 8 | 6 7 7 8 9 8 9 9 Final Capacity 10 | 8 8 8 10 10 10 10 10 Final Carried 9 | 6 8 8 9 9 9 9 7 Class Distribution -------------------- 95% | Mutant Dominant Class ---------------- Mutant | -10/Materials Mutant | -10/Mines Mutant | -9/Materials Mutant | -9/Mines Mutant | -9/Exiles Commander-Mutant | -8/Mines Mutant | -8/Materials Resources | -11 -10 -10 -9 -9 -9 -8 -8 ----------- Run | Yrd Mat Min Mat Min Exi Min Mat Matter Collected 892 | 200 221 34 166 22 . . 249 Remotely . | . . . . . . . . Salvage Created 1262 | . 515 35 208 . . . 504 Parts 69 | . 30 6 12 . . . 21 Haulers Intercepted 3 | . 2 . 1 . . . . Recyclers Shooed . | . . . . . . . . Parts Field Recycled . | . . . . . . . . Retrieved Matter . | . . . . . . . . Parts Self-Destructed . | . . . . . . . . Prevented . | . . . . . . . . Kills | -11 -10 -10 -9 -9 -9 -8 -8 ------- Run | Yrd Mat Min Mat Min Exi Min Mat Combat Hostiles Destroyed 29 | . 11 3 4 . . . 11 Melee 2 | . . . . . . . 2 Guns 7 | . 4 . 1 . . . 2 Cannons 16 | . 7 3 2 . . . 4 AOE 4 | . . . 1 . . . 3 Classes Destroyed 8 | . 3 1 2 . . . 2 Worker 1 | . . . . . . . 1 Hauler 3 | . 2 . 1 . . . . Operator 2 | . 1 . . . . . 1 Watcher 2 | . . . 1 . . . 1 Swarmer 4 | . . 3 1 . . . . Grunt 19 | . 11 . 1 . . . 7 Sentry 5 | . . . 2 . . . 3 Heavy 1 | . . . . . . . 1 Best Kill Streak 4 | . 4 3 1 . . . 3 Combat Bots Only 4 | . 4 3 1 . . . 3 Max Kills in Single Turn 1 | . 1 1 1 . . . 1 Gunslinging . | . . . . . . . . Exploded 1 | . . . 1 . . . 1 Melee 1 | . . . . . . . 1 Uniques/NPCs Destroyed . | . . . . . . . . Combat | -11 -10 -10 -9 -9 -9 -8 -8 -------- Run | Yrd Mat Min Mat Min Exi Min Mat Hostile Shots Fired 195 | . 39 5 42 . . . 109 Missed 53 | . 9 . 14 . . . 30 Damage Taken 2353 | . 352 63 378 . . . 1560 Core 712 | . 112 27 23 . . . 550 Absorbed by Shields . | . . . . . . . . Core Remaining (%) 79 | 100 . 44 . . . 94 . Volleys Fired 126 | . 47 4 22 . . . 53 Largest 3 | . 2 1 2 . . . 3 Hottest 95 | . 70 35 85 . . . 95 Shots Fired 174 | . 74 4 23 . . . 73 Gun 92 | . 54 . 3 . . . 35 Cannon 78 | . 20 4 17 . . . 37 Launcher 4 | . . . 3 . . . 1 Special . | . . . . . . . . Kinetic 121 | . 47 4 17 . . . 53 Thermal 27 | . 27 . . . . . . Explosive . | . . . . . . . . Electromagnetic 26 | . . . 6 . . . 20 Robot Hit Streak 20 | . 8 6 7 . . . 20 Robot Miss Streak 5 | . 4 . 5 . . . 3 Penetration Max . | . . . . . . . . Secondary Targets 1 | . 1 . . . . . . Max Gunslinging Chain 1 | . 1 . . . . . . Shots Hit Robots 122 | . 50 4 12 . 1 . 55 Core Hits 70 | . 21 3 10 . . . 36 Critical Kills . | . . . . . . . . Critical Parts Destroyed . | . . . . . . . . Critical Strikes 4 | . 2 . . . . . 2 Burn 1 | . 1 . . . . . . Blast 3 | . 1 . . . . . 2 Melee Attacks 7 | . . . . . 1 . 6 Impact . | . . . . . . . . Slashing 7 | . . . . . 1 . 6 Piercing . | . . . . . . . . Sneak Attacks 1 | . . . . . 1 . . Combat Hostiles 1 | . . . . . 1 . . Follow-up Attacks . | . . . . . . . . Damage Inflicted 2678 | . 686 73 387 3 77 . 1452 Guns 890 | . 410 . 50 . . . 430 Cannons 1339 | . 276 69 291 . . . 703 Explosions 250 | . . . 43 . . . 207 Melee 189 | . . . . . 77 . 112 Ramming 10 | . . 4 3 3 . . . Kinetic 1727 | . 490 69 291 . . . 877 Thermal 259 | . 196 . . . . . 63 Explosive 57 | . . . . . . . 57 Electromagnetic 436 | . . . 93 . . . 343 Impact . | . . . . . . . . Slashing 189 | . . . . . 77 . 112 Piercing . | . . . . . . . . Highest Corruption 3 | . . . 3 3 3 3 . Average Corruption 2 | . . . 1 3 3 3 . Corruption Purged . | . . . . . . . . Corruption Blocked . | . . . . . . . . Effects 29 | . . . 9 13 7 . . Message Errors 9 | . . . 5 3 1 . . Matter Fused 7 | . . . 1 4 2 . . Heat Flow Errors 2 | . . . . 2 . . . Energy Discharges 2 | . . . 1 . 1 . . Parts Fused 1 | . . . 1 . . . . Data Loss (minor) 5 | . . . . 4 1 . . Data Loss (major) 1 | . . . . . 1 . . Alerts 2 | . . . 1 . 1 . . Overload Shots . | . . . . . . . . Overflow Damage 30 | . 6 . 6 . 16 . 2 Projectiles 14 | . 6 . 6 . . . 2 Explosions . | . . . . . . . . Melee 16 | . . . . . 16 . . Knockbacks 9 | . 3 . 2 . . . 4 Impact . | . . . . . . . . Kinetic 9 | . 3 . 2 . . . 4 Secondary . | . . . . . . . . Self-Inflicted Damage 72 | . . . . . . . 72 Shots 2 | . . . . . . . 2 Rammed . | . . . . . . . . Targets Rammed 7 | . . 4 1 2 . . . Kicked 7 | . . 4 1 2 . . . Crushed . | . . . . . . . . Highest Temperature 174 | . 174 . 21 143 . . 81 Average Temperature 47 | . 59 . 10 72 . . 29 Received Heat Transfer 891 | . 219 . 51 . . . 621 Siege Activations . | . . . . . . . . Robots Corrupted . | . . . . . . . . Combat Hostiles . | . . . . . . . . Parts Fried 1 | . . . . . . . 1 Impact Corruptions . | . . . . . . . . Robots Melted . | . . . . . . . . Combat Hostiles . | . . . . . . . . Parts Melted 1 | . 1 . . . . . . Heat Transferred 716 | . 666 . . . . . 50 Parts Sabotaged . | . . . . . . . . Parts Stolen . | . . . . . . . . Parts Stripped . | . . . . . . . . Power Chain Reactions 1 | . . . . . . . 1 Alert | -11 -10 -10 -9 -9 -9 -8 -8 ------- Run | Yrd Mat Min Mat Min Exi Min Mat Peak Influence 352 | . 190 154 261 34 . . 352 Initial 73 | . . 73 . 34 . . . Average 89 | . 86 85 136 21 . . 131 Maximum Alert Level 1 | . . . 1 . . . 1 Low Security (%) 90 | 100 100 100 69 100 . 100 77 Level 1 9 | . . . 30 . . . 22 Level 2 . | . . . . . . . . Level 3 . | . . . . . . . . Level 4 . | . . . . . . . . Level 5 . | . . . . . . . . High Security . | . . . . . . . . Max Security . | . . . . . . . . Squads Dispatched 5 | . 2 . . . . . 3 Investigation 2 | . 1 . . . . . 1 Extermination . | . . . . . . . . Reinforcement 3 | . 1 . . . . . 2 Assault . | . . . . . . . . Garrison . | . . . . . . . . Intercept . | . . . . . . . . Searches Triggered . | . . . . . . . . Construction Impeded . | . . . . . . . . Haulers Reinforced . | . . . . . . . . Active Scanning Responses . | . . . . . . . . Cargo Convoy Interrupts . | . . . . . . . . Stealth | -11 -10 -10 -9 -9 -9 -8 -8 --------- Run | Yrd Mat Min Mat Min Exi Min Mat Distress Signals 5 | . . . 1 . . . 4 Communications Jammed . | . . . . . . . . Distress Signals . | . . . . . . . . Times Spotted 54 | . 13 3 14 . . . 24 Peak Tracking Total 7 | . 3 3 5 . . . 7 Tactical Retreats 3 | . . . . . . . 3 Traps | -11 -10 -10 -9 -9 -9 -8 -8 ------- Run | Yrd Mat Min Mat Min Exi Min Mat Traps Triggered 2 | . 1 . 1 . . . . Indirectly . | . . . . . . . . Trap Hack Attempts . | . . . . . . . . Triggered . | . . . . . . . . Disarmed . | . . . . . . . . Reprogrammed . | . . . . . . . . Reused . | . . . . . . . . Traps Extracted . | . . . . . . . . Installed . | . . . . . . . . Triggered . | . . . . . . . . Machines | -11 -10 -10 -9 -9 -9 -8 -8 ---------- Run | Yrd Mat Min Mat Min Exi Min Mat Machines Disabled 4 | . 1 . . . . . 3 Max in Single Turn 3 | . 1 . . . . . 3 Machines Repaired . | . . . . . . . . Machines Dismantled . | . . . . . . . . Machines Sabotaged . | . . . . . . . . Overloaded Fab Kills . | . . . . . . . . Hacking | -11 -10 -10 -9 -9 -9 -8 -8 --------- Run | Yrd Mat Min Mat Min Exi Min Mat Machines Accessed 9 | . 2 1 2 1 1 . 2 Terminals 7 | . 2 . 2 1 . . 2 Fabricators . | . . . . . . . . Repair Stations . | . . . . . . . . Recycling Units . | . . . . . . . . Scanalyzers . | . . . . . . . . Garrison Access . | . . . . . . . . Total Hacks 18 | . 6 1 5 1 1 . 4 Successful 7 | . 3 1 1 1 1 . . Failed 11 | . 3 . 4 . . . 4 Catastrophic 3 | . 1 . . . . . 2 Database Lockouts . | . . . . . . . . Manual 12 | . 2 . 5 1 1 . 3 Terminals 16 | . 6 . 5 1 . . 4 Fabricators . | . . . . . . . . Repair Stations . | . . . . . . . . Recycling Units . | . . . . . . . . Scanalyzers . | . . . . . . . . Garrison Access . | . . . . . . . . Terminal Hacks 7 | . 3 1 1 1 1 . . Prototype ID Bank 1 | . 1 . . . . . . Open Door 1 | . . 1 . . . . . Branch Access Points 2 | . . . 1 1 . . . Dispatch Records 1 | . 1 . . . . . . Registered Components 1 | . 1 . . . . . . Derelict Proto ID Bank 1 | . . . . . 1 . . Fabricator Hacks . | . . . . . . . . Repair Station Hacks . | . . . . . . . . Recycling Unit Hacks . | . . . . . . . . Scanalyzer . | . . . . . . . . Garrison Access Hacks . | . . . . . . . . Unauthorized Hacks . | . . . . . . . . Terminals . | . . . . . . . . Fabricators . | . . . . . . . . Repair Stations . | . . . . . . . . Recycling Units . | . . . . . . . . Scanalyzers . | . . . . . . . . Garrison Access . | . . . . . . . . Data Cores Recovered 2 | . . . 1 . . . 1 Used . | . . . . . . . . Hacking Detections 4 | . 1 . 1 . . . 2 Full Trace Events 2 | . 1 . . . . . 1 Feedback Events . | . . . . . . . . Feedback Blocked . | . . . . . . . . Robot Schematics Acquired . | . . . . . . . . Robots Built . | . . . . . . . . Authchips . | . . . . . . . . Time . | . . . . . . . . Total Robot Build Rating . | . . . . . . . . Part Schematics Acquired . | . . . . . . . . Parts Built . | . . . . . . . . Authchips . | . . . . . . . . Time . | . . . . . . . . Total Part Build Rating . | . . . . . . . . Parts Repaired . | . . . . . . . . Time . | . . . . . . . . Parts Recycled . | . . . . . . . . Recycled Matter . | . . . . . . . . Retrieved Matter . | . . . . . . . . Retrieved Components . | . . . . . . . . Parts Scanalyzed . | . . . . . . . . Part Schematics Acquired . | . . . . . . . . Parts Damaged . | . . . . . . . . Bothacking | -11 -10 -10 -9 -9 -9 -8 -8 ------------ Run | Yrd Mat Min Mat Min Exi Min Mat Used RIF Installer . | . . . . . . . . Robots Hacked . | . . . . . . . . Non-combat . | . . . . . . . . Combat . | . . . . . . . . Robot Hacks Applied . | . . . . . . . . Relay Couplers Released . | . . . . . . . . Fabnet Peak Effective % . | . . . . . . . . Robots Rewired 4 | . . . . . 4 . . Allies Hacked . | . . . . . . . . Hacks Repelled . | . . . . . . . . Allies | -11 -10 -10 -9 -9 -9 -8 -8 -------- Run | Yrd Mat Min Mat Min Exi Min Mat Total Allies 9 | . . 3 . 2 4 . . Largest Group 4 | . . 3 3 2 4 4 4 Highest-Rated Group 47 | . . 40 40 47 47 45 45 Highest-Rated Ally 31 | . . 16 16 31 31 21 21 Total Orders . | . . . . . . . . Ally Attacks 51 | . . 1 32 . . . 18 Total Damage 635 | . . 16 392 . . . 227 Kills 8 | . . . 7 . . . 1 Allies Corrupted . | . . . . . . . . Allies Melted . | . . . . . . . . Intel | -11 -10 -10 -9 -9 -9 -8 -8 ------- Run | Yrd Mat Min Mat Min Exi Min Mat Robot Analysis Total . | . . . . . . . . Derelict Logs Recovered 1 | . . 1 . . . . . Drone Launches . | . . . . . . . . Drone Recoveries . | . . . . . . . . Exploration | -11 -10 -10 -9 -9 -9 -8 -8 ------------- Run | Yrd Mat Min Mat Min Exi Min Mat Turns Passed 3682 | 2 639 656 643 644 581 23 494 Spaces Moved 2217 | 2 384 509 322 329 459 20 192 Core 6 | . . . . . . . 6 Treads . | . . . . . . . . Legs 2057 | 2 384 509 322 329 459 20 32 Wheels 127 | . . . . . . . 127 Hover 27 | . . . . . . . 27 Flight . | . . . . . . . . Fastest Speed 95 | 120 120 120 120 190 120 120 95 Average Speed 136 | 120 120 120 153 190 120 120 135 Slowest Speed 400 | 120 120 120 190 190 120 120 400 Overloaded Moves . | . . . . . . . . Propulsion Burnouts . | . . . . . . . . Robots Hopped . | . . . . . . . . Cave-ins Triggered . | . . . . . . . . Exploration Rate (%) 46 | 2 45 98 33 78 90 7 15 Regions Visited 7 Branch Regions 4 Pre-discovered Areas 1 | . . 1 . . . . . Known Exits Taken 1 | . . . 1 . . . . Unknown Exits Taken 6 | 1 1 1 . 1 1 1 . Scrap Searched 2 | . . 1 . 1 . . . Spaces Dug . | . . . . . . . . Terrain Destroyed 54 | . . . 4 . . . 50 Melee . | . . . . . . . . Projectile 6 | . . . 4 . . . 2 AOE 48 | . . . . . . . 48 Terrain Rammed . | . . . . . . . . Walls Destroyed . | . . . . . . . . Machines Disabled . | . . . . . . . . Actions | -11 -10 -10 -9 -9 -9 -8 -8 --------- Run | Yrd Mat Min Mat Min Exi Min Mat Total 2692 | 1 493 550 447 347 489 19 346 Wait 250 | . 37 29 89 17 2 . 76 Move 2210 | 1 383 508 321 328 458 19 192 Hop . | . . . . . . . . Pick Up 26 | . 9 2 6 . 2 . 7 Fast Attach 4 | . . . 1 . . . 3 Attach 17 | . 2 2 3 . 2 . 8 Detach 3 | . 1 . . . 2 . . Swap 8 | . 4 . 3 . 1 . . Drop 15 | . 10 1 1 . 2 . 1 Fire 126 | . 47 4 22 . . . 53 Melee 7 | . . . . . 1 . 6 Ram . | . . . . . . . . Kick 7 | . . 4 1 2 . . . Crush . | . . . . . . . . Escape Stasis . | . . . . . . . . Rewire 19 | . . . . . 19 . . Trap . | . . . . . . . . Miscellaneous . | . . . . . . . . Route ------- -11/Scrapyard -10/Materials (discovered 3 exits: *Mat x2 / *Min) -10/Mines (discovered 2 exits: *Mat x2) -9/Materials (discovered 3 exits: *Mat / *Min / Sto) -9/Mines (discovered 2 exits: *Mat / *Exi) -9/Exiles -8/Mines -8/Materials History --------- Turn | Location | Event 1 | -11/Scrapyard | Discovered new exit (range 1) 3 | -11/Scrapyard | Entered Materials 127 | -10/Materials | Discovered new exit (range 9) 137 | -10/Materials | Discovered new exit (range 11) 326 | -10/Materials | Build established: Mutant 532 | -10/Materials | Discovered new exit (range 3) 642 | -10/Materials | Entered Mines 654 | -10/Mines | Met a Derelict bent on vengeance 667 | -10/Mines | Discovered new exit (range 6) 674 | -10/Mines | Assisted by bots powering up and referring to "LRC-V3" 716 | -10/Mines | Discovered new exit (range 10) 778 | -10/Mines | Found a damaged Exp. Sensor Array with a note attached 796 | -10/Mines | Met a Derelict who couldn't figure out how to use a Trap Extractor 797 | -10/Mines | Core integrity fell below 50% 1298 | -10/Mines | Entered Materials 1298 | -9/Materials | Accompanied by 3 allies 1298 | -9/Materials | Evolved 2 slots: Utility x2 1517 | -9/Materials | Lost 3 allies 1643 | -9/Materials | Discovered new exit (range 9) 1792 | -9/Materials | Identified exit to Mines 1792 | -9/Materials | Identified exit to Storage 1941 | -9/Materials | Entered Mines 1964 | -9/Mines | Discovered new exit (range 7) 2562 | -9/Mines | Deemed a non-threat by the Exiles lab entrance 2562 | -9/Mines | Discovered new exit (range 5) 2585 | -9/Mines | Entered Exiles 2585 | -9/Exiles | Found Exiles lab destroyed 2585 | -9/Exiles | Accompanied by 2 allies 2615 | -9/Exiles | Led the pair of lost Derelicts to a safe place 3028 | -9/Exiles | Opened EX-Vault 3037 | -9/Exiles | Found PSU Rigger 3151 | -9/Exiles | Discovered new exit (range 12) 3166 | -9/Exiles | Entered Mines 3166 | -8/Mines | Accompanied by 4 allies 3180 | -8/Mines | Discovered new exit (range 3) 3189 | -8/Mines | Entered Materials 3189 | -8/Materials | Accompanied by 4 allies 3189 | -8/Materials | Evolved 2 slots: Propulsion x1, Weapon x1 3277 | -8/Materials | Lost 4 allies 3339 | -8/Materials | Lost 5 parts (1p2n2w) 3541 | -8/Materials | Core integrity fell below 50% 3605 | -8/Materials | Lost 4 parts (1p2n1w) 3672 | -8/Materials | Core integrity fell below 20% 3683 | -8/Materials | Destroyed by G-47 Trooper with Particle Gun Last Messages --------------- 03661_ Slug penetrates H-61 Shepherd. 03662_ H-61 Shepherd calls for reinforcements. 03662_ ALERT: Hostile activity reported, dispatching reinforcements to area. 03662_ Penetrated by Slug. 03662_ Backup Propulsion I destroyed. 03664_ Hvy. Assault Rifle destroyed. 03664_ Hacking Suite destroyed. 03664_ Critical hit (Blast). 03664_ Knocked back. 03665_ Slug penetrates H-61 Shepherd. 03669_ Knocked back. 03671_ Slug penetrates Wall. 03671_ Knocked back. 03674_ Slug penetrates Wall. 03677_ Gauss Rifle destroyed. 03678_ Assault Cannon destroyed. 03680_ H-61 Shepherd destroyed. 03680_ Door malfunctions. 03683_ G-47 Trooper misfires. Map ----- +----------------------------------------------------+ | | | | | | | | | | | | | | | ???????????#####???# ### ##??????????????????? | | ?????????? #?## #??????????????????? | | ?????????""" #?# #??????????????????? | | ##?????? """ #?## # #??????????????????? | | #?????# """ #?# ##?????????????????? | | #?????# #?## ##?????????????????? | | #?????# """ #??# # ##?????????????????? | | #?????# """ #??# " #?????????????????? | | #?????# """ #??# [ #?????????????????? | | #?????? #??# [ ##?????????????????? | | ############+#############+## ##?????????????????? | | % % #??????????????????? | | % % % #??????????????????? | | #??????????????????? | | ############# #####+##### #??????????????????? | | #???????# ## %^"" # %#??? !#???????????? | | """ #???????# ## ""S # # ??????????????? | | "T" #???????# ## "" #% %;##/####???????????? | | #???????# ## ^ ^ @; g #???????????? | | ! #???????# + ^ % # !%g g% ????? | | #???????# ##""" !% ; g #####???????? | | #####???????######""" ############???????????? | | ?????????????????#""" #??????????????????????? | | ?????????????????# #??????????????????????? | | ?????????????????###### ###??????????????????????? | | ??????????????????????###????????????????????????? | | ?????????????????????????????????????????????????? | | ?????????????????????????????????????????????????? | | ?????????????????????????????????????????????????? | | ?????????????????????????????????????????????????? | | ?????????????????????????????????????????????????? | | ?????????????????????????????????????????????????? | | ?????????????????????????????????????????????????? | | ?????????????????????????????????????????????????? | | ?????????????????????????????????????????????????? | | ?????????????????????????????????????????????????? | | ?????????????????????????????????????????????????? | | ?????????????????????????????????????????????????? | | ?????????????????????????????????????????????????? | | ?????????????????????????????????????????????????? | | ?????????????????????????????????????????????????? | | ?????????????????????????????????????????????????? | | ?????????????????????????????????????????????????? | +----------------------------------------------------+ Best States ------------- Heat Dissipation 31 Energy Generation 10 Energy Capacity 250 Matter Stores 300 Matter Capacity 300 Sight Range 16 Terrain Scan Density 10 Evasion (%) 55 Targeting Accuracy 10 Offensive Hacking 10 Item Schematics ----------------- None Robot Schematics ------------------ None Fabricated ------------ Nothing Alien Tech Used ----------------- None Achievements -------------- None Challenges ------------ None Game ------ Seed SingularityDroneTerminator Manual? 0 Play Time 00:21:08 Cumulative 64.8 hours Start 2024.07.15 @ 18:21:13 End 2024.07.15 @ 18:43:34 Sessions 1 Manual Loads 0 Difficulty Rogue Special Mode None Game No. 111 Rogue 111 Adventurer 0 Explorer 0 Win Type - Total 0 Types 0/0/0/0/0/0/0/0/0 Lore% 47 Gallery% 56 Achievement% 40 Wizard Run 0 Options --------- Layout 1 ASCII 0 Keyboard 0 Movement Mouse Keybinds 0 Fullscreen 2 Font 20/SmallcapsGlow Map View 54x42 Zoom Use 0% Tactical HUD 1 Map Filters NONE Filters NONE Steam 1 RUN: 20b8057a-8cf0-4d2d-a9e7-c0e19f9a33cc